AoeStats
← Adino the Eznite

MegaRandom

507909154Analyzed
3v3 RM · 12d ago on Sep 20, 2026· 41m 17s· 6 players
Game mode
Random Map
Map size
Normal (6 player)
Population
200
Speed
Normal
Resources
Standard
Victory
Conquest
Starting age
Dark Age
Ending age
Imperial Age
RankedLock teamsTeams togetherTeam positionsShared explorationLock speedFull tech treeHidden civsTurbo modeCheats
Victory
Defeat
🇺🇸 Shu · United States
1393
+15
🇺🇸 Franks · United States
1374
+16
🇺🇸 Huns · United States
1367
+16
🇧🇷 Britons · Brazil
1396
-17
🇦🇺 Bohemians · Australia
1393
-16
🇺🇸 Ethiopians · United States
1335
-14
Seabis
0:33 Loom
10:13 Feudal Age
10:55 Double-Bit Axe
20:08 Wheelbarrow
22:50 Castle Age
21:15 Gold Mining
21:45 Scale Barding Armor
22:17 Forging
22:51 Light Cavalry
23:32 Husbandry
24:08 Chain Barding Armor
26:08 Bow Saw
28:33 Hand Cart
28:19 Town Watch
32:54 Iron Casting
Adino the Eznite
9:10 Feudal Age
8:58 Loom
10:55 Fletching
15:14 Double-Bit Axe
20:07 Padded Archer Armor
23:22 Castle Age
21:52 Horse Collar
22:48 Gold Mining
23:37 Crossbowman
24:13 Bodkin Arrow
25:54 Bow Saw
28:48 Heavy Plow
29:57 Wheelbarrow
29:29 Thumb Ring
29:53 Thumb Ring
40:18 Imperial Age
37:18 Elite Skirmisher
41:22 Leather Archer Armor
RainMaker
9:54 Feudal Age
10:10 Loom
11:14 Double-Bit Axe
11:32 Horse Collar
20:20 Castle Age
19:20 Fletching
19:53 Padded Archer Armor
25:32 Leather Archer Armor
27:17 Gold Mining
27:33 Bodkin Arrow
29:46 Bloodlines
29:37 Husbandry
32:08 Thumb Ring
36:34 Bow Saw
37:55 Stone Mining
38:45 Wheelbarrow
41:33 Ballistics
42:03 Hand Cart
bailey
6:45 Loom
9:12 Feudal Age
15:57 Fletching
22:58 Castle Age
21:35 Padded Archer Armor
23:51 Bodkin Arrow
23:19 Crossbowman
23:47 Double-Bit Axe
24:29 Thumb Ring
25:56 Horse Collar
28:15 Bow Saw
30:41 Leather Archer Armor
35:49 Ballistics
39:37 Murder Holes
brunoteixeirster
7:49 Loom
9:53 Feudal Age
14:25 Castle Age
13:46 Double-Bit Axe
18:54 Fletching
21:58 Crossbowman
25:57 Padded Archer Armor
26:58 Ballistics
36:07 Bodkin Arrow
Bleda the Hun
0:32 Loom
10:45 Feudal Age
15:01 Castle Age
14:58 Fletching
18:19 Bodkin Arrow
20:43 Double-Bit Axe
21:18 Crossbowman
25:43 Bow Saw
28:32 Padded Archer Armor
29:42 Ballistics
30:28 Chemistry
30:03 Town Watch
35:49 Wheelbarrow
40:58 Leather Archer Armor
Connection lost

Rejoining the realm…

Still unreachable

The connection could not be restored.

Session expired

The server has moved on; the page needs a fresh start.